 Dungeon Crawl Stone Soup version 0.27.1-3-gb3d3a73c9e (webtiles) character file.

Game seed: 3313692725167165141

2043 horus123 the Thaumaturge (level 9, -23/45 HPs)
             Began as a Deep Elf Conjurer on Oct 15, 2021.
             Was an Initiate of Vehumet.
             Killed from afar by a manticore (25 damage)
             ... with a volley of spikes
             ... on level 7 of the Dungeon.
             The game lasted 00:22:07 (7517 turns).

horus123 the Thaumaturge (Deep Elf Conjurer)        Turns: 7517, Time: 00:22:09

Health: -23/45     AC:  5    Str:  4    XL:     9   Next: 4%
Magic:  1/24       EV: 12    Int: 27    God:    Vehumet [......]
Gold:   244        SH:  0    Dex: 13    Spells: 1/27 levels left

rFire    . . .     SeeInvis +   m - staff of conjuration
rCold    . . .     Faith    .   (no shield)
rNeg     . . .     Spirit   .   a - +0 robe
rPois    .         Reflect  .   l - +2 hat
rElec    .         Harm     .   (no cloak)
rCorr    .         Rampage  .   (no gloves)
Will     .....                  h - +0 pair of boots
Stlth    +++.......             (no amulet)
HPRegen  0.15/turn              o - ring of see invisible
MPRegen  0.19/turn              (no ring)

@: spiked, very slightly contaminated
A: no striking features
a: Renounce Religion


You were on level 7 of the Dungeon.
You worshipped Vehumet.
Vehumet was noncommittal.
You visited 2 branches of the dungeon, and saw 8 of its levels.

You collected 244 gold pieces.

Inventory:

Armour
 a - a +0 robe (worn)
 h - a +0 pair of boots (worn)
 l - a +2 hat (worn)
Magical Staves
 m - a staff of conjuration (weapon)
Jewellery
 o - a ring of see invisible (left hand)
Scrolls
 c - a scroll of teleportation
 i - a scroll of magic mapping
Potions
 b - a potion of flight
 e - a potion of mutation {unknown}
 f - 2 potions of haste
 n - a potion of might


   Skills:
 + Level 0.2 Fighting
 + Level 2.8 Dodging
 + Level 4.8 Stealth
 + Level 9.8 Spellcasting
 + Level 7.9 Conjurations
 + Level 4.6 Hexes
 * Level 2.9 Transmutations
 + Level 4.1 Earth Magic


You had one spell level left.
You knew the following spells:

 Your Spells              Type           Power      Damage    Failure   Level
a - Magic Dart            Conj           100%       1d8       1%          1
b - Searing Ray           Conj           100%       3d7       1%          2
c - Dazzling Flash        Conj/Hex       100%       N/A       1%          3
d - Fulminant Prism       Conj/Hex       31%        3d16      3%          4
e - Tukima's Dance        Hex            38%        N/A       1%          3
f - Stone Arrow           Conj/Erth      100%       3d13      1%          3
g - Irradiate             Conj/Tmut      29%        3d23      13%         5
h - Blink                 Tloc           N/A        N/A       7%          2
i - Gell's Gravitas       Tloc           6%         N/A       13%         3

Your spell library contained the following spells:

 Spells                   Type           Power      Damage    Failure   Level
 Corona                   Hex            42%        N/A       1%          1
 Ensorcelled Hibernation  Hex/Ice        50%        N/A       2%          2
 Sublimation of Blood     Necr           6%         N/A       7%          2
 Iskenderun's Mystic Bla  Conj/Tloc      51%        2d11      9%          4
 Petrify                  Tmut/Erth      32%        N/A       10%         4
 Lesser Beckoning         Tloc           6%         N/A       13%         3
 Teleport Other           Tloc           13%        N/A       13%         3
 Bolt of Magma            Conj/Fire/Erth 25%        4d12      22%         5
 Manifold Assault         Tloc           13%        N/A       77%         5
 Storm Form               Tmut/Air       10%        N/A       100%        7
 Shatter                  Erth           17%        3d16*     100%        9


Dungeon Overview and Level Annotations

Branches:
Dungeon (7/15)             Temple (1/1) D:6

Altars:
Ashenzari
Cheibriados
Dithmenos
Elyvilon
Fedhas
Gozag
Hepliaklqana
Kikubaaqudgha
Makhleb
Nemelex Xobeh
Okawaru
Qazlal
Ru
Sif Muna
Trog
Uskayaw
Vehumet
Wu Jian
Xom
Yredelemnul
The Shining One

Shops:
D:2 [

Portals:
Abyss: D:3

Annotations:
D:3 2 transporters, pentaflop's ghost, amateur DsCK
D:6 1 runed translucent door


Message History

Vehumet accepts your kill.
You have reached level 9!
Your experience leads to an increase in your attributes!
Increase (S)trength, (I)ntelligence, or (D)exterity?
You feel clever.
You feel a surge of power!
The stone arrow hits the manticore!
The manticore is moderately wounded.
You feel a surge of power!
The stone arrow hits the manticore!
The manticore is heavily wounded.
The manticore bites you! The manticore claws you.
The manticore barely misses you.
You are too injured to fight recklessly!
Casting: Stone Arrow (safe; 1% risk of failure)
Confirm with . or Enter, or press ? or * to list all spells.
You blink.
A hound, 4 wights and a skeleton come into view.
The hound barks!
The manticore flicks its tail.
The volley of spikes hits you!!
The barbed spikes become lodged in your body.
* * * LOW HITPOINT WARNING * * *
A steam dragon comes into view.
Aiming: Stone Arrow (safe; 1% risk of failure)
Press: ? - help, Q - select action, (/) - cycle Shift-Dir - straight line, f/p - manticore
Aim: a manticore (heavily wounded, 87% to hit)
You feel a surge of power!
The stone arrow hits the manticore!
The manticore is severely wounded.
The wight completely misses you.
Aiming: Stone Arrow (safe; 1% risk of failure)
Press: ? - help, Q - select action, (/) - cycle Shift-Dir - straight line, f/p - manticore
Aim: a manticore (severely wounded, 87% to hit)
You feel a surge of power!
You miscast Stone Arrow.
You are very lightly contaminated with residual magic.
Nothing appears to happen.
The wight closely misses you.
The manticore flicks its tail.
The volley of spikes hits you!!
The barbed spikes become lodged in your body.
Ouch! That really hurt!
You die...

.....# ..... .
#####.... ..
#.......# .D.
#.....z.# ....
#.......#Z....
#...zzh.....##
#z@.......
#......... ###
#.[....... ...
.H.....>..
#.#####.........
#......)########
#..<....#
#......##
#.######


You could see a manticore, a steam dragon, a hound, 4 wights and a wyvern
skeleton.

Vanquished Creatures
  A wyvern (D:7)
  A vampire mosquito (D:6)
  A water moccasin (D:6)
  3 ice beasts
  2 sky beasts (D:6)
  A hornet zombie (D:6)
  A necrophage (D:6)
  A phantom (D:6)
  8 scorpions
  2 killer bees (D:6)
  A hound (D:6)
  A bullfrog skeleton (D:6)
  A centaur skeleton (D:5)
  Natasha (twice) (D:3)
  An orc wizard (D:3)
  Robin (D:2)
  10 gnolls
  2 adders
  3 dart slugs
  8 orcs
  6 ball pythons
  6 bats
  4 endoplasms
  4 giant cockroaches
  10 hobgoblins
  2 jackals (D:1)
  6 kobolds
  5 quokkas
  A frilled lizard (D:1)
  11 goblins
  24 rats
130 creatures vanquished.

Vanquished Creatures (collateral kills)
  A white imp (D:5)
1 creature vanquished.

Vanquished Creatures (others)
  3 fulminant prisms
  2 plants (D:6)
5 creatures vanquished.

Grand Total: 136 creatures vanquished

Notes
Turn   | Place    | Note
-------+----------+-------------------------------------------
     0 | D:1      | horus123 the Deep Elf Conjurer began the quest for the Orb.
     0 | D:1      | Reached XP level 1. HP: 10/10 MP: 6/6
   133 | D:1      | Reached XP level 2. HP: 15/15 MP: 5/8
   335 | D:1      | Reached skill level 5 in Conjurations
   453 | D:1      | Learned a level 2 spell: Searing Ray
   834 | D:1      | Reached XP level 3. HP: 19/19 MP: 7/9
   838 | D:1      | Learned a level 3 spell: Dazzling Flash
  1409 | D:2      | Reached skill level 1 in Hexes
  1409 | D:2      | Reached XP level 4. HP: 12/24 MP: 0/11
  1572 | D:2      | Found Biomillo's Armour Shoppe.
  1665 | D:2      | Learned a level 4 spell: Fulminant Prism
  2098 | D:2      | Noticed Robin
  2102 | D:2      | Killed Robin
  2468 | D:3      | Reached skill level 4 in Spellcasting
  2547 | D:3      | Reached XP level 5. HP: 28/28 MP: 5/13
  2699 | D:3      | Found a one-way gate to the infinite horrors of the Abyss.
  2699 | D:3      | Noticed pentaflop's ghost (amateur DsCK)
  2700 | D:3      | Found a transporter.
  2701 | D:3      | Noticed a small abomination
  3049 | D:3      | Noticed Natasha
  3051 | D:3      | Killed Natasha
  3401 | D:3      | Noticed Natasha
  3405 | D:3      | Killed Natasha
  3406 | D:3      | Reached skill level 5 in Spellcasting
  3534 | D:3      | Found a transporter.
  3563 | D:4      | Identified a scroll of acquirement
  3563 | D:4      | Acquired a book of Maledictions
  3807 | D:4      | Learned a level 3 spell: Tukima's Dance
  4319 | D:4      | Reached XP level 6. HP: 32/32 MP: 4/16
  4415 | D:4      | Learned a level 3 spell: Stone Arrow
  4422 | D:4      | Identified the +1 hunting sling of Yrethuan {freeze, rN+
                  | Int+4 Dex-5}
  4659 | D:5      | Entered Level 5 of the Dungeon
  5077 | D:5      | Noticed an ice beast
  5085 | D:5      | Killed an ice beast
  5086 | D:5      | Reached skill level 6 in Spellcasting
  5418 | D:6      | Noticed a water moccasin
  5421 | D:6      | Killed a water moccasin
  5422 | D:6      | Reached XP level 7. HP: 36/36 MP: 9/18
  5703 | D:6      | Reached skill level 7 in Spellcasting
  5703 | D:6      | Reached skill level 1 in Earth Magic
  5936 | D:6      | Reached XP level 8. HP: 41/41 MP: 12/21
  5946 | D:6      | Learned a level 5 spell: Irradiate
  6019 | D:6      | Found a staircase to the Ecumenical Temple.
  6030 | Temple   | Entered the Ecumenical Temple
  6090 | Temple   | Became a worshipper of Vehumet
  6153 | D:6      | Found a runed translucent door.
  6155 | D:6      | Found a runed translucent door.
  6160 | D:6      | Reached skill level 8 in Spellcasting
  6711 | D:6      | Reached skill level 9 in Spellcasting
  6751 | D:6      | Reached skill level 1 in Transmutations
  7277 | D:6      | Learned a level 2 spell: Blink
  7281 | D:6      | Learned a level 3 spell: Gell's Gravitas
  7508 | D:7      | Noticed a manticore
  7513 | D:7      | Reached XP level 9. HP: 40/45 MP: 14/24
  7515 | D:7      | HP: 1/45 [manticore/volley of spikes (18)]
  7517 | D:7      | Killed from afar by a manticore

Illustrated notes

Levels and vault maps discovered:
D:1:      minmay_arrival_four_loops, layout_basic, st_stairs_6,
          kennysheep_crisscross
D:2:      layout_basic, serial_shops, nicolae_shop_waterfront, uniq_robin
D:3:      layout_basic, gammafunk_ghost_abyssal_escape,
          grunt_decor_mini_mirrors, uniq_natasha
D:4:      layout_basic, minivault_14, minmay_rat_hole
D:5:      layout_basic, uniq_crazy_yiuf_cottage
D:6:      lemuel_insect_pit, layout_cave_pods, minmay_temple_entry_slanted,
          serial_bayou_pond_d
D:7:      layout_basic, serial_bayou_pond_b
Temple:   grunt_wide_crystal_templ

Skill      XL: |  1  2  3  4  5  6  7  8 |
---------------+-------------------------+-----
Conjurations   | 5 6 7 |  7.9
Hexes          | 1 2 3 4 |  4.6
Spellcasting   | 4 5 6 7 9 |  9.8
Stealth        | 3 4 |  4.8
Earth Magic    | 2 4 |  4.1
Transmutations | 2 |  2.9
Fighting       | |  0.2
Dodging        | |  2.8

Action                   |  1- 3 |  4- 6 |  7- 9 || total
-------------------------+-------+-------+-------++-------
 Cast: Magic Dart        |    57 |    73 |     7 ||   137
       Searing Ray       |     3 |    13 |     1 ||    17
       Stone Arrow       |       |     3 |    41 ||    44
       Fulminant Prism   |       |     2 |     1 ||     3
       Tukima's Dance    |       |       |     3 ||     3
       Gell's Gravitas   |       |       |     1 ||     1
       Blink             |       |       |     1 ||     1
  Use: Scroll            |     4 |     8 |     2 ||    14
       Potion            |       |       |     5 ||     5
Armor: Robe              |     3 |     3 |     3 ||     9
Dodge: Dodged            |     2 |     5 |    10 ||    17
